 Dungeon Crawl Stone Soup version 0.26-a0-597-gb535b0901c (webtiles) character file.

Game seed: 15165273698995167589

83 raph the Vandal (level 4, 0/29 HPs)
             Began as a Halfling Hunter on Sept 6, 2020.
             Hit by a javelin thrown by an orc (8 damage)
             ... on level 3 of the Dungeon.
             The game lasted 00:03:05 (2568 turns).

raph the Vandal (Halfling Hunter)                   Turns: 2568, Time: 00:03:05

Health: 0/29       AC:  4    Str: 13    XL:     4   Next: 71%
Magic:  4/4        EV: 14    Int:  9    God:
Gold:   154        SH:  0    Dex: 15    Spells: 3/3 levels left

rFire    . . .     SeeInvis .   b - +0 short sword
rCold    . . .     Faith    .   (shield restricted)
rNeg     . . .     Spirit   .   c - +0 leather armour
rPois    .         Reflect  .   n - +0 helmet
rElec    .         Harm     .   (no cloak)
rCorr    .                      (no gloves)
MR       .....                  (no boots)
Stlth    ++........             (no amulet)
HPRegen  0.09/turn              q - ring of flight
MPRegen  0.09/turn              (no ring)

@: no status effects
A: small, mutation resistance 1
a: Evoke Flight


You were on level 3 of the Dungeon.
You visited 1 branch of the dungeon, and saw 3 of its levels.

You collected 154 gold pieces.

Inventory:

Hand Weapons
 a - a +1 hunting sling
 b - a +0 short sword (weapon)
Missiles
 d - 43 sling bullets
 k - 126 stones (quivered)
 o - 3 curare-tipped darts
Armour
 c - a +0 leather armour (worn)
 n - a +0 helmet (worn)
Jewellery
 q - a ring of flight (left hand)
Scrolls
 f - 3 scrolls of blinking {unknown}
 g - 3 scrolls of identify {unknown}
 h - 4 scrolls of remove curse {unknown}
 p - a scroll of teleportation {unknown}
Potions
 e - a potion of stabbing {unknown}
 i - a potion of heal wounds {unknown}
 j - a potion of resistance {unknown}
 l - a potion of might
 m - a potion of brilliance {unknown}
 r - 2 potions of flight {unknown}
 s - 2 potions of curing {unknown}


   Skills:
 - Level 1.7 Fighting
 + Level 3.2 Short Blades
 + Level 7.2 Slings
 - Level 2.1 Dodging
 - Level 1.1 Stealth


You had 3 spell levels left.
You didn't know any spells.
Your spell library was empty.

Dungeon Overview and Level Annotations

Branches:
Dungeon (3/15)

Altars:


Innate Abilities, Weirdness & Mutations

You are small and have problems with some larger weapons.
You are somewhat resistant to further mutation.


Message History

You are too injured to fight recklessly!
You are too injured to fight recklessly!
You barely miss the orc.
The orc is severely wounded.
The orc misses you.
You completely miss the orc.
The orc is severely wounded.
The orc throws a javelin.
The javelin pierces through you but does no damage.
You hit the orc.
You kill the orc!
The orc throws a javelin.
The javelin pierces through you but does no damage.
The orc wizard gestures at you while chanting.
The puff of flame hits you.
* * * LOW HITPOINT WARNING * * *
The orc throws a javelin.
The javelin barely misses you.
There is an open door here.
The orc throws a javelin.
The javelin pierces through you!
You die...

..#..##.#..
#####.#..#...
.....#....####...
.....o†o.....(..#
#######.##o#.#######
........o()#.#
#########.####.# #.#
###'## #.#
#.#####>.@.# #(#
#.....+....# ###
#.....#†(..###
#....^'........#
#.....#.....#...
#.#+#.....#.# ...
#.#.#.#.#.#.# ..
#.#.....).#.# .
#.#...#.###.#


You could see an orc wizard and an orc.

Vanquished Creatures
  Robin (D:2)
  An adder (D:2)
  An ooze (D:1)
  A worm (D:2)
  A dart slug (D:1)
  A leopard gecko (D:2)
  3 orcs (D:3)
  4 giant cockroaches
  12 goblins
  6 hobgoblins
  A quokka (D:2)
  5 bats
  2 frilled lizards
  3 kobolds
  6 rats
48 creatures vanquished.

Notes
Turn   | Place    | Note
-------+----------+-------------------------------------------
     0 | D:1      | raph the Halfling Hunter began the quest for the Orb.
     0 | D:1      | Reached XP level 1. HP: 14/14 MP: 1/1
   109 | D:1      | Reached skill level 6 in Slings
   111 | D:1      | Reached skill level 1 in Short Blades
   112 | D:1      | Reached XP level 2. HP: 14/19 MP: 2/2
   603 | D:1      | Reached XP level 3. HP: 22/24 MP: 3/3
  1189 | D:2      | Noticed Robin
  1373 | D:2      | Killed Robin
  1547 | D:2      | Reached XP level 4. HP: 21/29 MP: 4/4
  1848 | D:2      | Reached skill level 7 in Slings
  2568 | D:3      | Hit by a javelin thrown by an orc

Illustrated notes

Levels and vault maps discovered:
D:1:      dpeg_arrival_pits, layout_basic
D:2:      layout_loops_ring, minmay_misc_feat_hallway, uniq_robin
D:3:      layout_basic, nicolae_tso_carved_into_rock

Skill      XL: |  1  2  3  4 |
---------------+-------------+-----
Slings         | 6 7 |  7.2
Short Blades   | 1 2 3 |  3.2
Fighting       | |  1.7
Dodging        | |  2.1
Stealth        | |  1.1

Action                   |  1- 3 |  4- 6 || total
-------------------------+-------+-------++-------
Melee: Short sword       |    96 |    66 ||   162
 Fire: Hunting sling     |     7 |     2 ||     9
 Stab: Sleeping          |     1 |     2 ||     3
Armor: Leather armour    |    26 |    11 ||    37
Dodge: Dodged            |    79 |    49 ||   128

Table legend: (Time is in decaauts)
 A = Elapsed time spent in this place.
 B = Non-inter-level travel time spent in this place.
 C = Inter-level travel time spent in this place.
 D = Time resting spent in this place.
 E = Time spent auto-exploring this place.
 F = Levels seen in this place.
 G = Mean time per level.
                   A        B        C        D        E       F      G
               +--------+--------+--------+--------+--------+-----+--------+
         Total |   2562 |   2447 |    115 |    803 |   1228 |   3 |  854.0 |
       Dungeon |   2562 |   2447 |    115 |    803 |   1228 |   3 |  854.0 |
               +--------+--------+--------+--------+--------+-----+--------+

Top non-repeatable levels by time:
     D:1: 1341 daAuts
     D:2: 1031 daAuts
     D:3: 189 daAuts
